 Dungeon Crawl Stone Soup version 0.28.0-43-g3370ac3207 (webtiles) character file.

Game seed: 12383426098301449191

332 boopmooplesden the Twirler (level 6, -1/52 HPs)
             Began as a Minotaur Gladiator on Mar 2, 2022.
             Slain by a gnoll
             ... wielding a +0 whip
              (6 damage)
             ... on level 4 of the Dungeon.
             The game lasted 00:03:29 (3074 turns).

boopmooplesden the Twirler (Minotaur Gladiator)     Turns: 3074, Time: 00:03:30

Health: -1/52      AC:  4    Str: 18    XL:     6   Next: 26%
Magic:  14/14      EV: 13    Int:  5    God:
Gold:   86         SH:  0    Dex: 17    Spells: 5/5 levels left

rFire   . . .      SeeInvis .   e - +3 war axe of Excruciating Pain {pain, Will+ MP+9 Dex+3}
rCold   . . .      Faith    .   (no shield)
rNeg    . . .      Spirit   .   b - +0 leather armour
rPois   .          Reflect  .   c - +0 hat
rElec   .          Harm     .   q - +0 cloak
rCorr   .          Rampage  .   (no gloves)
Will    +....                   (no boots)
Stlth   ++........              (no amulet)
HPRegen 0.17/turn               (no ring)
MPRegen 0.14/turn               (no ring)

@: no status effects
A: horns 2, retaliatory headbutt
a: no special abilities


You were on level 4 of the Dungeon.
You visited 1 branch of the dungeon, and saw 4 of its levels.

You collected 144 gold pieces.
You spent 58 gold pieces at shops.

Inventory:

Hand Weapons
 a - a +0 quarterstaff
 e - the +3 war axe of Excruciating Pain (weapon) {pain, Will+ MP+9 Dex+3}
   (You found it on level 3 of the Dungeon)

   In the hands of one skilled in necromantic magic, it inflicts extra damage on
   living creatures.
   Dex:       It affects your dexterity (+3).
   MP:        It affects your magic capacity (+9).
   Will:      It increases your willpower.
Missiles
 d - 3 throwing nets (quivered)
Armour
 b - a +0 leather armour (worn)
 c - a +0 hat (worn)
 q - a +0 cloak (worn)
Jewellery
 h - an amulet of regeneration
Wands
 i - a wand of polymorph (11)
 n - a wand of flame (15)
Scrolls
 k - 2 scrolls of noise
 m - 2 scrolls of teleportation
 o - a scroll of blinking
 r - a scroll of enchant armour {unknown}
Potions
 f - a potion of attraction {unknown}
 g - a potion of brilliance {unknown}
 j - a potion of berserk rage {unknown}
 l - 2 potions of lignification {unknown}
 p - a potion of heal wounds {unknown}


   Skills:
 + Level 4.1 Fighting
 + Level 1.0 Axes
 + Level 6.1 Staves
 + Level 2.1 Throwing
 + Level 2.6 Armour
 + Level 4.3 Dodging
 + Level 0.7 Stealth


You had 5 spell levels left.
You didn't know any spells.
Your spell library contained the following spells:

 Spells                   Type           Power      Damage    Failure   Level
 Animate Skeleton         Necr           0%         N/A       54%         1
 Pain                     Necr           0%         1d4       54%         1
 Vampiric Draining        Necr           0%         2d6       88%         3


Dungeon Overview and Level Annotations

Branches:
Dungeon (4/15)
 Temple: D:4-7

Altars:
Fedhas

Shops:
D:3 [


Innate Abilities, Weirdness & Mutations

You have a pair of horns on your head.
You reflexively headbutt those who attack you in melee.


Message History

A gnoll comes into view. It is wielding a +0 whip.
The gnoll hits you from afar with a +0 spear.
The gnoll misses you. The gnoll hits you with a +0 club.
The gnoll hits you from afar with a +0 spear.
You hit the gnoll.
The gnoll is heavily wounded.
The gnoll barely misses you. The gnoll hits you but does no damage.
The gnoll hits you with a +0 club.
You slash the gnoll!
You kill the gnoll!
The gnoll hits you from afar with a +0 spear.
The gnoll misses you.
Your Axes skill increases to level 1!
The gnoll hits you with a +0 spear.
Things that are here:
a +0 club; a gnoll corpse You hit the gnoll.
The gnoll is heavily wounded.
The gnoll completely misses you. The gnoll hits you with a +0 spear.
The gnoll hits you from afar with a +0 spear.
You closely miss the gnoll.
The gnoll is moderately wounded.
The gnoll completely misses you. The gnoll hits you with a +0 spear.
You hit the gnoll. You headbutt the gnoll.
You kill the gnoll!
The gnoll closely misses you. The gnoll hits you with a +0 whip!
* * * LOW HITPOINT WARNING * * *
The gnoll closely misses you. You furiously retaliate!
You headbutt the gnoll! You barely miss the gnoll.
The gnoll is severely wounded.
You hit the gnoll. The gnoll closely misses you.
The gnoll hits you with a +0 spear.
* * * LOW HITPOINT WARNING * * *
The gnoll barely misses you. The gnoll closely misses you.
You hit the gnoll.
The gnoll is severely wounded.
You closely miss the gnoll. The gnoll hits you with a +0 whip.
You die...

..#.# #........#.#
#.#.# #.######.#..
#.#.# ###.######.#.#
#.... ..#........#.#
...###.#........#.#
....#.#........#.#
###.#.#.#.######.#.#
######..gg.#.#.#
#....
#......#@###.#.#
#....
#...ggg#))...#.###
#.#..
#......#####.....#
#.### +...g=.#
#.....# #.. #.....##
#.....#######
#.....#
#............
#.....#
#.....#######
#...... #.....####
#........#


You could see 2 gnolls.

Vanquished Creatures
  Sigmund (D:3)
  Terence (D:3)
  2 gnolls (D:4)
  6 adders
  3 worms
  3 dart slugs
  6 bats
  4 endoplasms
  3 giant cockroaches
  7 goblins
  8 hobgoblins
  9 jackals (D:1)
  2 quokkas (D:1)
  5 ball pythons
  A frilled lizard (D:3)
  6 kobolds
  6 rats
73 creatures vanquished.

Notes
Turn   | Place    | Note
-------+----------+-------------------------------------------
     0 | D:1      | boopmooplesden the Minotaur Gladiator began the quest for
                  | the Orb.
     0 | D:1      | Reached XP level 1. HP: 18/18 MP: 0/0
    96 | D:1      | Reached XP level 2. HP: 13/25 MP: 1/1
   380 | D:1      | Found a faded altar of an unknown god.
   397 | D:1      | Reached skill level 4 in Staves
   639 | D:1      | Reached XP level 3. HP: 14/30 MP: 2/2
  1337 | D:2      | Reached XP level 4. HP: 27/38 MP: 3/3
  1445 | D:2      | Reached skill level 1 in Armour
  1733 | D:2      | Found a blossoming altar of Fedhas.
  1863 | D:3      | Reached skill level 5 in Staves
  1867 | D:3      | Identified the +3 war axe of Excruciating Pain {pain, Will+
                  | MP+9 Dex+3}
  2094 | D:3      | Noticed Sigmund
  2102 | D:3      | Killed Sigmund
  2103 | D:3      | Reached XP level 5. HP: 22/46 MP: 4/4
  2103 | D:3      | Reached XP level 6. HP: 25/52 MP: 5/5
  2338 | D:3      | Reached skill level 6 in Staves
  2491 | D:3      | Noticed Terence
  2499 | D:3      | Killed Terence
  2704 | D:3      | Found Bayshrau's Armour Emporium.
  2716 | D:3      | Bought a +0 cloak for 58 gold pieces
  3068 | D:4      | Reached skill level 1 in Axes
  3074 | D:4      | Slain by a gnoll

Illustrated notes

Levels and vault maps discovered:
D:1:      dpeg_arrival_concentric_ovals, layout_basic,
          hellmonk_ecumenical_altar_arch_garden, hangedman_feature_mirror,
          hangedman_decor_points
D:2:      layout_rooms, basic_altar, minmay_misc_feat_room
D:3:      layout_basic, serial_shops, shop, uniq_terence, uniq_sigmund
D:4:      corexii_shack_village, layout_basic, serial_shops,
          nicolae_shop_hallway_stairs, nrook_mini_vaults,
          hangedman_decor_riveting

Skill      XL: |  1  2  3  4  5  6 |
---------------+-------------------+-----
Staves         | 4 5 6 |  6.1
Fighting       | 3 4 |  4.1
Dodging        | 4 |  4.3
Armour         | 2 |  2.6
Axes           | 1 |  1.0
Throwing       | |  2.1
Stealth        | |  0.7

Action                   |  1- 3 |  4- 6 || total
-------------------------+-------+-------++-------
Melee: Quarterstaff      |    93 |    22 ||   115
       Headbutt          |     6 |    15 ||    21
       War axe           |       |    39 ||    39
  Use: Scroll            |     5 |     1 ||     6
 Stab: Sleeping          |       |     2 ||     2
Armor: Leather armour    |    32 |    11 ||    43
Dodge: Dodged            |    86 |    57 ||   143
